 Dungeon Crawl Stone Soup version 0.28.0-53-g5a82cb258f (webtiles) character file.

Game seed: 10610102715453645311

18 Eitelfritz the Slasher (level 2, -1/25 HPs)
             Began as a Minotaur Gladiator on Aug 19, 2022.
             Slain by Terence
             ... wielding a +3 short sword of distortion
              (9 damage)
             ... on level 2 of the Dungeon.
             The game lasted 00:01:30 (1107 turns).

Eitelfritz the Slasher (Minotaur Gladiator)         Turns: 1107, Time: 00:01:30

Health: -1/25      AC:  0    Str: 18    XL:     2   Next: 48%
Magic:  1/1        EV: 15    Int:  5    God:
Gold:   36         SH:  0    Dex: 11    Spells: 1/1 levels left

rFire   . . .      SeeInvis .   (weapon currently unavailable)
rCold   . . .      Faith    .   (shield currently unavailable)
rNeg    . . .      Spirit   .   (armour currently unavailable)
rPois   .          Reflect  .   (helmet currently unavailable)
rElec   .          Harm     .   (cloak currently unavailable)
rCorr   .          Rampage  .   (gloves currently unavailable)
Will    .....                   (boots currently unavailable)
Stlth   +.........              (no amulet)
HPRegen 0.08/turn               (ring currently unavailable)
MPRegen 0.07/turn               (ring currently unavailable)

@: pig-form, very quick
A: fast, no casting, small, (horns 2), (retaliatory headbutt)
a: no special abilities


You were on level 2 of the Dungeon.
You were a filthy swine.
You visited 1 branch of the dungeon, and saw 2 of its levels.

You collected 36 gold pieces.

Inventory:

Hand Weapons
 a - a +0 long sword (melded)
Missiles
 d - 3 throwing nets (quivered)
Armour
 b - a +0 leather armour (melded)
 c - a +0 hat (melded)
 f - a +0 scale mail
Scrolls
 e - a scroll of magic mapping {unknown}
 g - a scroll of noise {unknown}
 h - a scroll of teleportation {unknown}
 i - 3 scrolls of identify {unknown}
 j - a scroll of holy word {unknown}


   Skills:
 + Level 2.6 Fighting
 + Level 4.0 Long Blades
 + Level 2.1 Throwing
 + Level 0.2 Armour
 + Level 3.7 Dodging
 + Level 0.1 Stealth


You had one spell level left.
You didn't know any spells.
Your spell library was empty.

Dungeon Overview and Level Annotations

Branches:
Dungeon (2/15)

Altars:

Annotations:
D:2 Terence


Innate Abilities, Weirdness & Mutations

You are a filthy swine.
You move quickly.
Your equipment is almost entirely melded.
You are incapable of wielding weapons or throwing items.
You cannot cast spells.
((You have a pair of horns on your head.))
((You reflexively headbutt those who attack you in melee.))


Message History

The frilled lizard hisses angrily.
The frilled lizard barely misses you.
You closely miss the frilled lizard.
You headbutt the frilled lizard, but do no damage.
The frilled lizard bites you but does no damage.
You barely miss the frilled lizard.
The frilled lizard bites you but does no damage.
You hit the frilled lizard.
You kill the frilled lizard!
Found a short sword.
Found an escape hatch in the floor.
Terence the Incautious comes into view.
He is wielding a +3 short sword of distortion, wearing a +2 scale mail of poison resistance and carrying a wand of polymorph (8).
Terence shouts!
You hear a shout! x2
Terence hits you but does no damage.
You blink.
You closely miss Terence. Terence misses you.
Terence zaps a wand.
You resist with significant effort.
You hit Terence. You headbutt Terence.
Terence is moderately wounded.
Terence zaps a wand.
You turn into a filthy swine.
Your +0 long sword melds into your body.
Your +0 hat melds into your body.
Your +0 leather armour melds into your body.
You closely miss Terence.
Terence is moderately wounded.
Terence closely misses you.
Unknown command.
You hit Terence but do no damage.
Terence is moderately wounded.
A goblin comes into view. It is wielding a +0 dagger.
Terence misses you.
The goblin shouts!
You hit Terence.
Terence is moderately wounded.
You hear a shout!
Terence hits you with a +3 short sword of distortion!
Space warps around you.
You barely miss Terence.
Terence is moderately wounded.
Terence hits you with a +3 short sword of distortion.
Space warps horribly around you!
You die...

#.#....#.###
##.# ..
######.#
#.## .# ..#
####..##..##
...#
#>.......).#
###.#
#.###.##...#
#.# # #..#
..#
#+###+####.#
..
.........# #
.......h.#
.......@.#
.####+##.#
#.. ##.# g#
.. ... #..


You could see Terence and a goblin.

Vanquished Creatures
  A dart slug (D:1)
  2 endoplasms
  3 goblins (D:1)
  2 hobgoblins (D:1)
  A quokka (D:1)
  A bat (D:1)
  2 frilled lizards
  A kobold (D:1)
  3 rats (D:1)
16 creatures vanquished.

Notes
Turn   | Place    | Note
-------+----------+-------------------------------------------
     0 | D:1      | Eitelfritz the Minotaur Gladiator began the quest for the
                  | Orb.
     0 | D:1      | Reached XP level 1. HP: 18/18 MP: 0/0
   269 | D:1      | Reached XP level 2. HP: 21/25 MP: 1/1
   374 | D:1      | Reached skill level 4 in Long Blades
   919 | D:1      | Found a faded altar of an unknown god.
  1097 | D:2      | Noticed Terence
  1107 | D:2      | Slain by Terence

Illustrated notes

Levels and vault maps discovered:
D:1:      pf_arrival_petrified_forest, layout_basic, serial_curves,
          eino_curves_03, eino_curves_01, hellmonk_ecumenical_altar_prayer_group
D:2:      layout_basic, uniq_robin, uniq_terence

Skill      XL: |  1  2 |
---------------+-------+-----
Long Blades    | 4 |  4.0
Fighting       | |  2.6
Throwing       | |  2.1
Armour         | |  0.2
Dodging        | |  3.7
Stealth        | |  0.1

Action                   || total
-------------------------++-------
Melee: Long sword        ||    35
       Unarmed           ||     4
       Headbutt          ||     2
Armor: Leather armour    ||     9
Dodge: Dodged            ||    21
